 Seeded DCSS version 0.30.1-4-g462c640d31 (webtiles) character file.

Game seed: 20230910 (custom seed)

8 CarvArkoylaein the Trooper (level 2, 17/27 HPs)
             Began as a Hill Orc Fighter on Sept 10, 2023.
             Quit the game on level 1 of the Dungeon.
             The game lasted 00:01:24 (196 turns).

CarvArkoylaein the Trooper (Hill Orc Fighter)        Turns: 196, Time: 00:01:25

Health: 17/27      AC:  6    Str: 18    XL:     2   Next: 8%
Magic:  2/2        EV:  9    Int:  8    God:
Gold:   22         SH:  4    Dex: 10    Spells: 1/1 levels left

rFire   . . .        a - +0 war axe
rCold   . . .        c - +0 buckler
rNeg    . . .        b - +0 scale mail
rPois   .            (no helmet)
rElec   .            (no cloak)
rCorr   .            (no gloves)
SInv    .            (no boots)
Will    .....        (no amulet) Stlth
                     (no ring)
HPRegen 0.24/turn    (no ring)
MPRegen 0.08/turn

%: no passive effects
@: no status effects
A: no striking features
a: no special abilities


You were on level 1 of the Dungeon.
You visited 1 branch of the dungeon, and saw 1 of its levels.

You collected 22 gold pieces.

Inventory:

Hand Weapons
 a - a +0 war axe (weapon)
Armour
 b - a +0 scale mail (worn)
 c - a +0 buckler (worn)
Scrolls
 e - 2 scrolls of teleportation {unknown}
Potions
 d - a potion of might


   Skills:
 + Level 3.6 Fighting
 + Level 3.0 Axes
 + Level 3.3 Armour
 + Level 3.6 Shields


You had one spell level left.
You didn't know any spells.
Your spell library contained the following spells:

 Spells                   Type           Power      Damage    Failure   Level
 Volatile Blastmotes      Fire/Tloc      0%         2d10      99%         3
 Fulminant Prism          Conj/Hex       0%         3d5       100%        4
 Iskenderun's Mystic Bla  Conj/Tloc      0%         2d3       100%        4
 Lee's Rapid Deconstruct  Erth           0%         3d4*      100%        5


Dungeon Overview and Level Annotations

Branches:
Dungeon (1/15)

Altars:


Message History

Found a scroll labelled NOR QOJ MIESK.
The kobold shouts!
The kobold throws a stone.
The stone hits you but does no damage.
A ball python comes into view.
A quokka comes into view.
The kobold hits you with a +0 dagger.
You miss the kobold. The kobold barely misses you.
The kobold hits you with a +0 dagger.
You miss the kobold. You slash the ball python!
You kill the ball python!
The kobold barely misses you.
You closely miss the quokka. You closely miss the kobold. The quokka bites you.
The kobold hits you but does no damage. You block the quokka's attack.
You closely miss the quokka. You closely miss the kobold.
The kobold hits you but does no damage.
The quokka bites you but does no damage.
The kobold hits you but does no damage.
A rat comes into view.
The quokka bites you but does no damage.
You hit the kobold.
You kill the kobold!
You closely miss the quokka. The quokka barely misses you.
The quokka bites you but does no damage.
Things that are here:
a +0 dagger; 5 stones You barely miss the quokka.
The quokka bites you. The quokka closely misses you.
You completely miss the quokka. The quokka bites you.
You closely miss the quokka. You hit the rat.
You kill the rat!
The quokka bites you. The quokka closely misses you.
You have reached level 2!
You closely miss the quokka.
The quokka bites you but does no damage.
You slash the quokka!
You kill the quokka!
Your Axes skill increases to level 3!
Things that are here:
a +0 dagger; 5 stones
e - 2 scrolls labelled NOR QOJ MIESK (gained 1) Are you sure you want to abandon this character and quit the game? (Confirm with "yes".)

#.##..#..#.. ...
..##>....... ..
############# ..
########### #.
#.........# #.
#.........#
#.###.........#
#..##.........#
...##@..†........#
#........)........#
#.................#
###
#.........:.......#
#..
#...###+#.........#
#.# #...
#.........# #.# #..
#####.....###.# #..
.........'.#'#
#$###.....#....


There were no monsters in sight!

Vanquished Creatures
  A goblin (D:1)
  A hobgoblin (D:1)
  A kobold (D:1)
  A quokka (D:1)
  A ball python (D:1)
  A frilled lizard (D:1)
  2 rats (D:1)
8 creatures vanquished.

Notes
Turn   | Place    | Note
-------+----------+-------------------------------------------
     0 | D:1      | CarvArkoylaein the Hill Orc Fighter began the quest for the
                  | Orb.
     0 | D:1      | Reached XP level 1. HP: 19/19 MP: 1/1
   189 | D:1      | Reached XP level 2. HP: 15/27 MP: 2/2
   196 | D:1      | Quit the game

Illustrated notes

Levels and vault maps discovered:
D:1:      lemuel_arrival_broad_hall, layout_basic, serial_shops,
          nicolae_shop_statue_plus

Skill      XL: |  1  2 |
---------------+-------+-----
Axes           | 3 |  3.0
Fighting       | |  3.6
Armour         | |  3.3
Shields        | |  3.6

Action                     || total
---------------------------++-------
  Melee: War axe           ||    24
 Armour: Scale mail        ||    12
  Dodge: Dodged            ||     9
  Block: Buckler           ||     3
